 Dungeon Crawl Stone Soup version 0.17.1-2-g5865329 (webtiles) character file.

20826 Balimanorgath the Grappler (level 12, -7/113 HPs)
             Began as a Troll Monk on Apr 6, 2016.
             Was a High Priest of Okawaru.
             Mangled by a balrug
             ... wielding a +0 demon whip
              (27 damage)
             ... on level 1 of the Abyss.
             The game lasted 01:54:52 (14131 turns).

Balimanorgath the Grappler (Troll Monk)            Turns: 14131, Time: 01:54:52

Health: -7/113     AC:  8    Str: 24      XL:     12   Next: 48%
Magic:  8/15       EV: 16    Int:  5 (6)  God:    Okawaru [*****.]
Gold:   1405       SH: 12    Dex: 12      Spells: 0 memorised, 11 levels left

rFire  . . .     SeeInvis .       - Unarmed
rCold  . . .     Clarity  .     K - +2 robe {rN+}
rNeg   + . .     SustAt   +     q - +0 shield
rPois  .         Gourm    +     E - +1 hat
rElec  .         Spirit   .     (no cloak)
rCorr  .         Warding  .     (gloves unavailable)
rMut   +         Stasis   .     (boots unavailable)
MR     .....                    d - amulet of resist mutation
Stlth  ++++......               n - ring of stealth
                                f - ring of sustain attributes

@: about to teleport, heroism, finesse, not resistant to hostile enchantments,
stealthy
A: unfitting armour, claws 3, fast metabolism 3, gourmand, regeneration 2,
shaggy fur 1, tough skin 2, weak 1
a: Heroism, Finesse, Renounce Religion


You were on level 1 of the Abyss.
You worshipped Okawaru.
Okawaru was extremely pleased with you.
You were full.

You visited 4 branches of the dungeon, and saw 18 of its levels.
You visited the Abyss 1 time.

You collected 1405 gold pieces.

Inventory:

Hand Weapons
 I - the +6 executioner's axe of Qokhial {flame, rN+ Dex+6}
   (Okawaru gifted it to you on level 12 of the Dungeon)

   It has been specially enchanted to burn those struck by it, causing extra
   injury to most foes and up to half again as much damage against particularly
   susceptible opponents.
   Big, fiery blades are also staple armaments of hydra-hunters.
   It affects your dexterity (+6).
   It protects you from negative energy.
Missiles
 e - 338 stones
 A - 29 tomahawks (quivered)
 S - 4 large rocks
 V - 8 needles of sleeping
Armour
 q - a +0 shield (worn)
 E - a +1 hat (worn)
 G - a +0 robe
 K - a +2 robe of positive energy (worn)
 O - a +0 robe
 T - a steam dragon hide
 Y - a +0 robe
 Z - a +0 robe
Jewellery
 d - an amulet of resist mutation (around neck)
 f - a ring of sustain attributes (left claw)
 h - a +1 ring of protection
 k - an uncursed ring of positive energy
 n - a ring of stealth (right claw)
 s - an uncursed ring of flight
 P - an uncursed amulet of clarity
Wands
 u - a wand of enslavement (9)
 J - a wand of lightning (6)
 U - a wand of flame (27)
Scrolls
 c - 3 scrolls of recharging
 l - a scroll of amnesia
 m - 4 scrolls of identify
 o - 4 scrolls of remove curse
 t - 5 scrolls of teleportation
 y - a scroll of enchant armour
 C - 2 scrolls of enchant weapon
 M - a scroll of fear
 N - a scroll of blinking
Potions
 g - 3 potions of mutation
 p - 7 potions of curing
 r - a potion of resistance
 w - 2 potions of lignification
 B - a potion of invisibility
 F - a potion of haste
 L - a potion of flight
 R - a potion of heal wounds
 X - a potion of brilliance
Books
 a - a book of Hinderance

   Spells                             Type                      Level
   a - Confusing Touch                Hexes                        2
   b - Confuse                        Hexes                        3
   c - Gell's Gravitas                Hexes/Translocation          3
   d - Petrify                        Transmutation/Earth          4
   e - Metabolic Englaciation         Hexes/Ice                    5
 x - a book of the Earth

   Spells                             Type                      Level
   a - Leda's Liquefaction            Hexes/Earth                  4
   b - Bolt of Magma                  Conjuration/Fire/Earth       5
   c - Statue Form                    Transmutation/Earth          6
   d - Iron Shot                      Conjuration/Earth            6
   e - Shatter                        Earth                        9
 z - a book of Power

   Spells                             Type                      Level
   a - Fulminant Prism                Conjuration/Hexes            4
   b - Iskenderun's Mystic Blast      Conjuration                  4
   c - Venom Bolt                     Conjuration/Poison           5
   d - Bolt of Magma                  Conjuration/Fire/Earth       5
   e - Iron Shot                      Conjuration/Earth            6
   f - Orb of Destruction             Conjuration                  7
   g - Spellforged Servitor           Conjuration/Summoning        7
 H - Syoguiss's Grimoire of Translocation
   (You found it on level 8 of the Dungeon)

   Spells                             Type                      Level
   a - Portal Projectile              Translocation                3
   b - Force Lance                    Conjuration/Translocation    4
   c - Passage of Golubria            Translocation                4
   d - Phase Shift                    Translocation                5
 Q - a book of Summonings

   Spells                             Type                      Level
   a - Recall                         Summoning/Translocation      3
   b - Aura of Abjuration             Summoning                    5
   c - Shadow Creatures               Summoning                    5
   d - Summon Demon                   Summoning                    5
   e - Summon Forest                  Summoning/Translocation      5
   f - Summon Mana Viper              Hexes/Summoning              5
Comestibles
 b - 13 bread rations
 i - 3 beef jerkies
 j - 11 fruits
 v - 7 meat rations
 D - 13 slices of pizza


   Skills:
 + Level 5.7(10.7) Fighting
 + Level 5.3(10.3) Throwing
 + Level 8.0(13.0) Dodging
 + Level 4.1(9.1) Stealth
 + Level 6.2(11.2) Shields
 * Level 12.5(17.5) Unarmed Combat
 * Level 6.4 Invocations


You had 11 spell levels left.
You didn't know any spells.

Dungeon Overview and Level Annotations

Branches:
Dungeon (12/15)            Temple (1/1) D:4            Lair (1/8) D:11
    Orc (4/4) D:12            Elf (0/3) Orc:3

Altars:
Ashenzari
Cheibriados
Dithmenos
Elyvilon
Fedhas
Gozag
Kikubaaqudgha
Makhleb
Nemelex Xobeh
Okawaru
Qazlal
Ru
Sif Muna
Trog
Vehumet
Xom
Yredelemnul
Zin
The Shining One
Beogh
Jiyva

Shops:
D:11 %*   Orc:1 *

Annotations:
D:9 exclusion: downstairs


Innate Abilities, Weirdness & Mutations

You are too large for most types of armour.
You have claws for hands.
Your metabolism is lightning-fast.
You like to eat raw meat.
You heal very quickly.
You are covered in fur (AC +1).
You have very tough skin (AC +2).
You are weak. (Str -2)


Message History

You can now deal lightning-fast blows.
You feel somewhat less full.
You are covered in liquid flames!
The balrug gestures at you.
The fireball explodes!
The fireball engulfs you!
The fireball engulfs the balrug.
The balrug completely resists.
You closely miss the balrug. You block the balrug's attack.
You mangle the balrug!!
The balrug is moderately wounded.
Read which item? (? for menu, Esc to quit)
As you read the scroll of teleportation, it crumbles to dust.
You feel strangely unstable.
You feel the power of the Abyss delaying your translocation!
The balrug completely misses you.
You eviscerate the balrug!!!
The balrug is severely wounded.
The balrug hits you with a demon whip!!
* * * LOW HITPOINT WARNING * * *
You are engulfed in flames!!
You die...

.≈≈≈≈ #### .# # #.
≈#≈≈ .......#....#
#≈≈≈≈##..##.#.#. .
≈≈ ≈.....#....# #
≈≈≈.. ....#.##...
≈≈ ......##...#...
≈≈.###..#..#..##..
#....2......#.
..#..#.#@X.......
.#..###...###...
.....# #.##...##.
##.# #.. ##.#. ..
...## # #... .#
.#... . .#. . .#..


You could see a balrug and a large abomination.

Vanquished Creatures
  Maud (D:11)
  A very ugly thing (Abyss:1)
  Josephine (Orc:2)
  Erica (D:8)
  A wretched star (Abyss:1)
  A giant orange brain (Abyss:1)
  A hill giant (D:12)
  A cyclops (D:12)
  A manticore (D:11)
  Joseph (D:7)
  A gargoyle (D:12)
  Psyche (D:8)
  A smoke demon (Abyss:1)
  A komodo dragon (D:11)
  An ancient zyme (Abyss:1)
  2 trolls
  A ynoxinul (Abyss:1)
  Sigmund (D:3)
  3 hippogriffs
  A shadow (D:12)
  9 yaks (D:12)
  2 neqoxecs (Abyss:1)
  4 fire bats (Abyss:1)
  5 wraiths
  Grum (D:11)
  A basilisk (D:11)
  3 hungry ghosts
  A warg (Orc:1)
  A wyvern (D:10)
  A steam dragon (D:10)
  5 wolves
  2 water moccasins
  A porcupine (Lair:1)
  An ice beast (D:5)
  3 sky beasts
  8 orc warriors
  2 phantoms
  A black bear (D:9)
  A necrophage (D:11)
  A wasp (D:12)
  14 ogres
  4 centaurs
  7 giant frogs
  2 wyvern skeletons (D:7)
  6 small abominations (Abyss:1)
  8 killer bees
  3 scorpions
  5 crimson imps
  A giant frog zombie (D:12)
  2 jellies
  2 centaur skeletons
  5 giant frog skeletons
  18 orc priests
  An iguana (D:7)
  7 hounds
  8 worker ants
  Natasha (D:4)
  15 orc wizards
  5 sheep (Lair:1)
  A hound skeleton (D:7)
  3 worker ant zombies
  Robin (D:4)
  7 adders
  2 shadow imps
  2 adder skeletons
  2 adder zombies
  2 worms
  6 giant geckos
  115 orcs
  2 ball pythons
  8 bats
  5 giant cockroaches
  10 goblins
  3 hobgoblins
  2 jackals (D:4)
  9 kobolds
  4 quokkas
  A giant cockroach zombie (D:5)
  2 giant newts
  A jackal skeleton (D:5)
  8 rats
386 creatures vanquished.

Vanquished Creatures (others)
  2 plants (D:11)
2 creatures vanquished.

Grand Total: 388 creatures vanquished

Notes
Turn   | Place    | Note
--------------------------------------------------------------
     0 | D:1      | Balimanorgath the Troll Monk began the quest for the Orb.
     0 | D:1      | Reached XP level 1. HP: 22/22 MP: 0/0
   208 | D:1      | Reached XP level 2. HP: 27/29 MP: 1/1
  1119 | D:2      | Reached XP level 3. HP: 36/36 MP: 2/2
  1670 | D:3      | Found a white marble altar of Elyvilon.
  1817 | D:3      | Noticed Sigmund
  1824 | D:3      | Killed Sigmund
  1824 | D:3      | Reached skill level 1 in Throwing
  1824 | D:3      | Reached skill level 5 in Unarmed Combat
  1824 | D:3      | Reached XP level 4. HP: 37/44 MP: 3/3
  1824 | D:3      | Reached XP level 5. HP: 42/50 MP: 4/4
  1911 | D:3      | Found a basalt altar of Yredelemnul.
  2009 | D:3      | Noticed an ogre
  2023 | D:3      | Killed an ogre
  2023 | D:3      | Reached XP level 6. HP: 59/59 MP: 5/5
  2340 | D:4      | Noticed Natasha
  2458 | D:4      | Found a staircase to the Ecumenical Temple.
  2473 | Temple   | Entered the Ecumenical Temple
  2732 | D:4      | Noticed Robin
  2737 | D:4      | Reached skill level 6 in Unarmed Combat
  2744 | D:4      | Killed Robin
  3029 | D:4      | Reached XP level 7. HP: 43/66 MP: 6/6
  3304 | D:4      | Reached skill level 1 in Shields
  3371 | D:4      | Killed Natasha
  3437 | D:5      | Entered Level 5 of the Dungeon
  3788 | D:5      | Reached skill level 7 in Unarmed Combat
  3914 | D:5      | Reached XP level 8. HP: 67/75 MP: 7/7
  4887 | D:6      | Reached skill level 8 in Unarmed Combat
  4929 | D:7      | Found a basalt altar of Yredelemnul.
  5073 | D:7      | Noticed Joseph
  5106 | D:7      | Killed Joseph
  5106 | D:7      | Reached XP level 9. HP: 12/83 MP: 8/8
  5834 | D:7      | Reached skill level 5 in Dodging
  6072 | D:8      | Noticed Psyche
  6079 | D:8      | Killed Psyche
  6079 | D:8      | Reached skill level 9 in Unarmed Combat
  6164 | D:8      | Identified Syoguiss's Grimoire of Translocation
  6305 | D:8      | Found a glowing silver altar of Zin.
  6387 | D:8      | Found a stormy altar of Qazlal.
  6390 | D:8      | Found an opulent altar of Gozag.
  6396 | D:8      | Found a snail-covered altar of Cheibriados.
  6398 | D:8      | Found an iron altar of Okawaru.
  6398 | D:8      | Found a sparkling altar of Nemelex Xobeh.
  6398 | D:8      | Found an ancient bone altar of Kikubaaqudgha.
  6401 | D:8      | Became a worshipper of Warmaster Okawaru
  6401 | D:8      | Reached * piety under Okawaru
  6401 | D:8      | Reached ** piety under Okawaru
  6403 | D:8      | Noticed Erica
  6429 | D:8      | Found a shadowy altar of Dithmenos.
  6807 | D:8      | Reached skill level 1 in Invocations
  7036 | D:8      | Killed Erica
  7036 | D:8      | Reached XP level 10. HP: 92/92 MP: 6/10
  7167 | D:9      | Reached *** piety under Okawaru
  7687 | D:9      | Reached skill level 10 in Unarmed Combat
  7787 | D:10     | Entered Level 10 of the Dungeon
  7789 | D:10     | Noticed Grum
  8010 | D:11     | Received a gift from Okawaru
  8143 | D:11     | Killed Grum
  8245 | D:10     | Reached skill level 5 in Shields
  8359 | D:10     | Reached **** piety under Okawaru
  9058 | D:11     | Found Edwat's General Store.
  9262 | D:11     | Found a staircase to the Lair.
  9445 | D:11     | Noticed a manticore
  9458 | D:11     | Killed a manticore
  9458 | D:11     | Reached ***** piety under Okawaru
  9458 | D:11     | Reached XP level 11. HP: 34/101 MP: 11/13
  9589 | D:11     | Noticed Maud
  9740 | D:11     | Killed Maud
  9740 | D:11     | Reached skill level 11 in Unarmed Combat
  9916 | D:11     | Found Qihain's Food Shoppe.
 10107 | Lair:1   | Entered Level 1 of the Lair of Beasts
 10151 | Lair:1   | Noticed a four-headed hydra
 10296 | D:12     | Received a gift from Okawaru
 10297 | D:12     | Got a translucent executioner's axe {god gift}
 10473 | D:12     | Found a staircase to the Orcish Mines.
 10765 | D:12     | Reached skill level 5 in Fighting
 10806 | D:12     | Reached skill level 5 in Invocations
 10895 | D:12     | Noticed a hill giant
 10906 | D:12     | Killed a hill giant
 11065 | D:12     | Received a gift from Okawaru
 11094 | D:12     | Reached skill level 5 in Throwing
 11403 | D:12     | Identified the +6 executioner's axe of Qokhial {flame, rN+ Dex+6} (Okawaru gifted it to you on level 12 of the Dungeon)
 11414 | Orc:1    | Entered Level 1 of the Orcish Mines
 11623 | Orc:1    | Found a roughly hewn altar of Beogh.
 12133 | Orc:1    | Found Xumaffuo's Assorted Antiques.
 12672 | Orc:2    | Noticed Josephine
 12691 | Orc:2    | Received a gift from Okawaru
 12691 | Orc:2    | Reached skill level 12 in Unarmed Combat
 12768 | Orc:2    | Killed Josephine
 12768 | Orc:2    | Reached XP level 12. HP: 105/111 MP: 13/15
 13006 | Orc:3    | Found a staircase to the Elven Halls.
 13419 | Orc:4    | Entered Level 4 of the Orcish Mines
 13494 | Orc:4    | Cast into the Abyss (a distortion unwield)
 13696 | Abyss:1  | Noticed an ancient lich
 13722 | Abyss:1  | Noticed a tentacled starspawn
 13780 | Abyss:1  | Noticed a cyan very ugly thing
 13792 | Abyss:1  | Killed a cyan very ugly thing
 13832 | Abyss:1  | Noticed an eidolon
 13996 | Abyss:1  | Gained mutation: You are weak. (Str -2) [a neqoxec]
 14119 | Abyss:1  | Noticed a balrug
 14131 | Abyss:1  | Mangled by a balrug

Action                   |  1- 3 |  4- 6 |  7- 9 | 10-12 || total
-------------------------+-------+-------+-------+-------++-------
Melee: Unarmed           |    93 |    51 |   264 |   760 ||  1168
Throw: Stone             |     2 |       |       |     1 ||     3
       Tomahawk          |       |    13 |    35 |    65 ||   113
Invok: Heroism           |       |       |     1 |    12 ||    13
       Finesse           |       |       |       |     4 ||     4
  Use: Scroll            |     7 |     1 |     4 |    11 ||    23
       Potion            |     4 |       |     4 |     1 ||     9
 Stab: Sleeping          |     5 |     4 |     5 |    11 ||    25
       Distracted        |       |       |       |     1 ||     1
  Eat: Chunk             |    16 |    17 |    38 |    71 ||   142
